 Dungeon Crawl Stone Soup version 0.20.1-1-g8b1a95d (console) character file.

905 hilaritas the Frost Mage (level 7, -5/36 HPs)
             Began as a Deep Elf Ice Elementalist on Sept 1, 2017.
             Killed by divine providence
             ... invoked by an orc priest
              (11 damage)
             ... on level 5 of the Dungeon.
             The game lasted 00:16:54 (5353 turns).

hilaritas the Frost Mage (DEIE)                     Turns: 5353, Time: 00:16:55

Health: -5/36      AC:  3    Str:  6    XL:     7   Next: 80%
Magic:  0/18       EV: 13    Int: 21    God:
Gold:   230        SH:  0    Dex: 15    Spells: 4/18 levels left

rFire    . . .     SeeInvis .   l - +2 dagger (freeze)
rCold    . . .     Gourm    .   (no shield)
rNeg     . . .     Faith    .   a - +0 robe
rPois    +         Spirit   .   (no helmet)
rElec    .         Reflect  .   h - +0 cloak
rCorr    .         Harm     .   (no gloves)
MR       .....                  (no boots)
Stlth    ++........             m - amulet of regeneration
Regen    0.6/turn               p - ring of poison resistance
MPRegen  0.2/turn               u - ring of wizardry

@: no status effects
A: no striking features
a: no special abilities


You were on level 5 of the Dungeon.
You were hungry.

You visited 1 branch of the dungeon, and saw 5 of its levels.

You collected 230 gold pieces.

Inventory:

Hand Weapons
 l - a +2 dagger of freezing (weapon)
Missiles
 g - 78 stones (quivered)
Armour
 a - a +0 robe (worn)
 h - a +0 cloak (worn)
Jewellery
 m - an amulet of regeneration (around neck)
 p - a ring of poison resistance (left hand)
 t - an uncursed ring of flight
 u - a ring of wizardry (right hand)
Wands
 d - a wand of confusion (24/48)
 v - a wand of enslavement (24/24)
Scrolls
 e - a scroll of fear
 k - 2 scrolls of remove curse
 n - 5 scrolls of identify
 y - 2 scrolls of teleportation
Potions
 f - 2 potions of cancellation {unknown}
 j - a potion of curing
 o - a potion of heal wounds
 q - a potion of brilliance {unknown}
 r - a potion of mutation {unknown}
 w - a potion of berserk rage {unknown}
 x - a potion of degeneration {unknown}
Books
 b - a book of Frost

   Spells                             Type                      Level
   a - Freeze                         Ice                          1
   b - Throw Frost                    Conjuration/Ice              2
   c - Ozocubu's Armour               Charms/Ice                   3
   d - Throw Icicle                   Conjuration/Ice              4
   e - Summon Ice Beast               Ice/Summoning                4
 i - a book of Misfortune

   Spells                             Type                      Level
   a - Confusing Touch                Hexes                        1
   b - Confuse                        Hexes                        3
   c - Gell's Gravitas                Translocation                3
   d - Petrify                        Transmutation/Earth          4
   e - Metabolic Englaciation         Hexes/Ice                    5
   f - Yara's Violent Unravelling     Hexes/Transmutation          5
 s - a book of Alchemy

   Spells                             Type                      Level
   a - Sublimation of Blood           Necromancy                   2
   b - Ignite Poison                  Fire/Transmutation/Poison    3
   c - Petrify                        Transmutation/Earth          4
   d - Alistair's Intoxication        Transmutation/Poison         5
   e - Irradiate                      Conjuration/Transmutation    5
Comestibles
 c - 5 bread rations
 z - 2 meat rations
 A - 2 royal jellies
 B - 2 chunks of flesh


   Skills:
 - Level 2.4 Dodging
 - Level 2.4 Stealth
 - Level 6.2 Spellcasting
 * Level 4.2 Conjurations
 + Level 8.2 Ice Magic


You had 4 spell levels left.
You knew the following spells:

 Your Spells              Type           Power        Failure   Level  Hunger
a - Freeze                Ice            ####         1%          1    None
b - Throw Frost           Conj/Ice       ####..       1%          2    None
c - Ozocubu's Armour      Chrm/Ice       ###.....     2%          3    #......
d - Throw Icicle          Conj/Ice       ####....     3%          4    ###....
e - Summon Ice Beast      Ice/Summ       ###.....     7%          4    ###....


Dungeon Overview and Level Annotations

Branches:
Dungeon (5/15)
 Temple: D:4-7

Altars:
Hepliaklqana
Makhleb
The Shining One

Shops:
D:5 =


Message History

Confirm with . or Enter, or press ? or * to list all spells.
Aiming: Freeze
Press: ? - help, Shift-Dir - straight line, f - orc priest
Aim: an orc priest, wielding a dagger You freeze the orc priest.
The orc priest is heavily wounded.
The bullfrog skeleton hits you.
* * * LOW HITPOINT WARNING * * *
The orc priest barely misses you.
Casting: Freeze
Confirm with . or Enter, or press ? or * to list all spells.
Aiming: Freeze
Press: ? - help, Shift-Dir - straight line, f/p - orc priest
Aim: an orc priest, wielding a dagger (heavily wounded)
You freeze the orc priest.
The orc priest is almost dead.
The bullfrog skeleton barely misses you.
The orc priest calls down the wrath of Beogh upon you.
Beogh smites you!
You die...

#. #.........#.#.
....#######.<...........
....................#.#.
#..#...................
.#..#.###)............#.
.......#.........######.
.......))).....#.# #.
##...o#Z........# #.
#....@...#.....# #.
#....###...$...# #.
....#.. .#...#. #.
....#.. ...... #. ###
### ###.#########. #
#....... ##.#..(..
...#.#### #..#.# #


You could see an orc priest and a bullfrog skeleton.

Vanquished Creatures
  The ghost of ThePrince the Skirmisher, an amateur GrBe of Trog (D:4)
  Sigmund (D:3)
  An ogre (D:2)
  2 scorpions (D:4)
  A howler monkey (D:4)
  Crazy Yiuf (D:2)
  An orc priest (D:4)
  A worker ant (D:5)
  An orc wizard (D:4)
  3 gnolls (D:2)
  7 adders
  4 worms (D:2)
  3 dart slugs
  7 leopard geckos
  16 orcs
  2 ball pythons
  5 bats
  9 giant cockroaches
  6 goblins
  13 hobgoblins
  6 jackals
  8 kobolds
  2 quokkas
  9 frilled lizards
  17 rats
127 creatures vanquished.

Notes
Turn   | Place    | Note
-------+----------+-------------------------------------------
     0 | D:1      | hilaritas the Deep Elf Ice Elementalist began the quest for the Orb.
     0 | D:1      | Reached XP level 1. HP: 10/10 MP: 6/6
    99 | D:1      | Reached skill level 4 in Ice Magic
    99 | D:1      | Reached XP level 2. HP: 15/15 MP: 5/8
   125 | D:1      | Learned a level 2 spell: Throw Frost
   545 | D:1      | Found a glowing golden altar of the Shining One.
   620 | D:1      | Reached XP level 3. HP: 19/19 MP: 7/9
   625 | D:1      | Learned a level 3 spell: Ozocubu's Armour
  1576 | D:2      | Found a burning altar of Makhleb.
  1767 | D:2      | Reached skill level 5 in Ice Magic
  2018 | D:2      | Reached XP level 4. HP: 24/24 MP: 8/11
  2147 | D:2      | Found a runed door.
  2349 | D:2      | Learned a level 4 spell: Throw Icicle
  2612 | D:2      | Found a hazy altar of Hepliaklqana.
  2806 | D:2      | Reached XP level 5. HP: 26/28 MP: 11/14
  2835 | D:2      | Noticed an ogre
  2849 | D:2      | Killed an ogre
  2861 | D:2      | Learned a level 4 spell: Summon Ice Beast
  3318 | D:2      | Noticed Crazy Yiuf
  3325 | D:2      | Killed Crazy Yiuf
  3485 | D:2      | Reached XP level 6. HP: 32/32 MP: 14/17
  3771 | D:3      | Found a faded altar of an unknown god.
  3772 | D:3      | Noticed Sigmund
  3784 | D:3      | Killed Sigmund
  3784 | D:3      | Reached skill level 6 in Ice Magic
  4331 | D:4      | Reached XP level 7. HP: 29/36 MP: 11/18
  4415 | D:4      | Noticed ThePrince's ghost (amateur GrBe)
  4425 | D:4      | Killed ThePrince's ghost
  4425 | D:4      | Reached skill level 7 in Ice Magic
  4595 | D:3      | Found a hazy altar of Hepliaklqana.
  4797 | D:4      | Reached skill level 8 in Ice Magic
  5098 | D:5      | Entered Level 5 of the Dungeon
  5098 | D:5      | Found Qeulaf's Jewellery Shop.
  5353 | D:5      | Killed from afar by an orc priest

Skill      XL: |  1  2  3  4  5  6  7 |
---------------+----------------------+-----
Ice Magic      | 4 5 6 8 |  8.2
Conjurations   | 2 3 4 |  4.2
Spellcasting   | 4 6 |  6.2
Dodging        | |  2.4
Stealth        | |  2.4

Action                   |  1- 3 |  4- 6 |  7- 9 || total
-------------------------+-------+-------+-------++-------
Melee: Dagger            |     1 |     4 |    14 ||    19
 Cast: Freeze            |    79 |    95 |    30 ||   204
       Ozocubu's Armour  |       |     4 |     2 ||     6
       Throw Frost       |       |     6 |    24 ||    30
       Throw Icicle      |       |       |     4 ||     4
  Use: Potion            |       |     1 |       ||     1
       Scroll            |       |       |     8 ||     8
  Eat: Chunk             |     3 |     7 |     3 ||    13
Armor: Robe              |     7 |    11 |     8 ||    26
Dodge: Dodged            |    38 |    40 |    26 ||   104
